 Dungeon Crawl Stone Soup version 0.30.1-3-gfc49f6343a (webtiles) character file.

Game seed: 12085887112907249409

81 NotreDorf the Grave Robber (level 4, -8/24 (30) HPs)
             Began as a Mummy Necromancer on Aug 5, 2023.
             Killed from afar by Ijyb (17 damage)
             ... with a bolt of dispelling energy
             ... on level 3 of the Dungeon.
             The game lasted 00:07:13 (2034 turns).

NotreDorf the Grave Robber (Mummy Necromancer)      Turns: 2034, Time: 00:07:14

HP:   -8/24 (30)    AC:  2    Str: 11    XL:     4   Next: 19%
MP:   8/9           EV: 12    Int: 16    God:
Gold: 112           SH:  0    Dex: 12    Spells: 6/10 levels left

rFire   x . .        f - +0 falchion
rCold   + . .        (no shield)
rNeg    + + +        a - +0 robe
rPois   ∞            (no helmet)
rElec   .            j - scarf {+Inv}
rCorr   .            (no gloves)
SInv    .            (no boots)
Will    .....        (no amulet)
Stlth   ++           (no ring)
HPRegen 0.24/turn    (no ring)
MPRegen 0.11/turn

%: faith
@: heavily drained
A: cold resistance 1, negative energy resistance 3, torment resistance 2, heat
vulnerability 1, in touch with death 1, no potions, faith
a: Evoke Invisibility


You were on level 3 of the Dungeon.
You visited 1 branch of the dungeon, and saw 3 of its levels.

You collected 112 gold pieces.

Inventory:

Hand Weapons
 d - a +3 dagger
 f - a +0 falchion (weapon)
Missiles
 c - 6 javelins
 e - 6 poisoned darts
 h - 5 boomerangs
Armour
 a - a +0 robe (worn)
 j - a scarf of invisibility (worn)
Magical Staves
 k - a staff of cold
Scrolls
 b - a scroll of enchant weapon {unknown}
 g - 5 scrolls of identify {unknown}
 i - 2 scrolls of teleportation {unknown}


   Skills:
 + Level 2.4 Dodging
 - Level 1.5 Stealth
 + Level 3.9 Spellcasting
 + Level 4.6 Necromancy


You had 6 spell levels left.
You knew the following spells:

 Your Spells              Type           Power      Damage    Failure   Level
a - Necrotise             Necr           100%       1d9       2%          1
b - Vampiric Draining     Necr           26%        2d7       8%          3

Your spell library contained the following spells:

 Spells                   Type           Power      Damage    Failure   Level
 Animate Dead             Necr           26%        N/A       26%         4
 Agony                    Necr           26%        N/A       56%         5


Dungeon Overview and Level Annotations

Branches:
Dungeon (3/15)

Altars:

Annotations:
D:3 Ijyb


Innate Abilities, Weirdness & Mutations

You are immune to poison.
Your flesh is cold resistant. (rC+)
You are immune to negative energy. (rN+++)
You are immune to unholy pain and torment.
You are vulnerable to heat. (rF-)
You are in touch with the powers of death.
You do not drink.
You have a special connection with the divine. (Faith)


Message History

You see here a scroll labelled RAPTEQ OCEYDI.
g - 5 scrolls labelled RAPTEQ OCEYDI (gained 1)
The goblin shouts!
Casting: Necrotise (safe; 2% risk of failure)
Confirm with . or Enter, or press ? or * to list all spells.
Aiming: Necrotise (safe; 2% risk of failure)
Press: ? - help, Shift-Dir - straight line, f - goblin
Aim: a goblin, wielding a +0 dagger (chance to affect: 93%)
You feel a surge of power!
The goblin writhes in agony.
Casting: Necrotise (safe; 2% risk of failure)
Confirm with . or Enter, or press ? or * to list all spells.
Aiming: Necrotise (safe; 2% risk of failure)
Press: ? - help, Shift-Dir - straight line, f/p - goblin
Aim: a goblin, wielding a +0 dagger (moderately wounded, chance to affect: 93%)
You feel a surge of power!
The goblin writhes in agony!
You kill the goblin!
The dead are walking!
You see here a staff of cold.
k - a staff of cold You see here 2 stones.
Found a chain mail.
Found a faded altar of an unknown god.
Your goblin skeleton crumbles into dust!
Ijyb the Twisted Goblin comes into view.
She is wielding a +0 club, wearing a +3 leather armour of cold resistance and carrying a wand of quicksilver (9).
Ijyb shouts!
Casting: Necrotise (safe; 2% risk of failure)
Confirm with . or Enter, or press ? or * to list all spells.
Aiming: Necrotise (safe; 2% risk of failure)
Press: ? - help, Shift-Dir - straight line, f - Ijyb
Aim: Ijyb, wielding a +0 club, wearing a +3 leather armour of cold resistance and carrying a wand of quicksilver (9) (chance to affect: 88%)
You feel a surge of power!
Ijyb barely resists.
Ijyb zaps a wand.
The bolt of dispelling energy hits you!!
Ouch! That really hurt!
* * * LOW HITPOINT WARNING * * *
You feel drained.
You fail to use your ability.
Ijyb screams, "I no like you!"
You feel drained.
You fail to use your ability.
Ijyb zaps a wand.
The bolt of dispelling energy hits you!
Ouch! That really hurt!
You die...

## .... ..#.#
#..##.... #
#........
#.#####.##..##
#............#
####....♣.♣g.#
#.#.♣.♣.♣
###.#..♣_♣
#####
#....[♣@♣.♣
....#
#.#.#..♣.♣..
###.#
#.#..........
#.#
#.#.#.#..#.###
###.####
#.#.....##...
#......#
#.#.#.### ###
#.#.##.#
#.#.#.#
#.....<#
#(#.#.####.#
#......#
#......)[..#


You could see Ijyb.

Vanquished Creatures
  An adder (D:2)
  A worm (D:2)
  2 dart slugs (D:1)
  3 endoplasms
  3 giant cockroaches (D:1)
  9 goblins
  3 hobgoblins
  4 kobolds
  3 quokkas (D:2)
  2 ball pythons
  8 bats
  2 frilled lizards
  5 rats
46 creatures vanquished.

Vanquished Creatures (collateral kills)
  An adder (D:2)
  A ball python (D:2)
  A giant cockroach (D:1)
  A goblin (D:1)
  A hobgoblin (D:1)
  A bat (D:2)
6 creatures vanquished.

Grand Total: 52 creatures vanquished

Notes
Turn   | Place    | Note
-------+----------+-------------------------------------------
     0 | D:1      | NotreDorf the Mummy Necromancer began the quest for the
                  | Orb.
     0 | D:1      | Reached XP level 1. HP: 13/13 MP: 4/4
   185 | D:1      | Reached XP level 2. HP: 19/19 MP: 4/6
   696 | D:1      | Gained mutation: You are in touch with the powers of death.
                  | [Mummy growth]
   696 | D:1      | Reached XP level 3. HP: 24/24 MP: 5/7
  1438 | D:2      | Reached XP level 4. HP: 30/30 MP: 6/9
  1678 | D:2      | Learned a level 3 spell: Vampiric Draining
  2025 | D:3      | Found a faded altar of an unknown god.
  2028 | D:3      | Noticed Ijyb
  2034 | D:3      | Killed from afar by Ijyb

Illustrated notes

Levels and vault maps discovered:
D:1:      dpeg_arrival_simpleton_b, layout_basic
D:2:      layout_rooms, minivault_24
D:3:      layout_loops_corners, chequers_ecumenical_altar_simple_redux,
          uniq_ijyb, uniq_jessica

Skill      XL: |  1  2 |
---------------+-------+-----
Spellcasting   | 3 |  3.9
Dodging        | 2 |  2.4
Stealth        | |  1.5
Necromancy     | |  4.6

Action                     |  1- 3 |  4- 6 || total
---------------------------+-------+-------++-------
  Melee: Dagger            |     5 |       ||     5
         Falchion          |    36 |     1 ||    37
   Cast: Necrotise         |    54 |    11 ||    65
   Stab: Sleeping          |       |     1 ||     1
 Armour: Robe              |    15 |       ||    15
  Dodge: Dodged            |    35 |       ||    35
